AoeStats
← tbzachary

Arena

507155912Analyzed
1v1 RM · 17d ago on Sep 16, 2026· 50m 40s· 2 players
Game mode
Random Map
Map size
Tiny (2 player)
Population
200
Speed
Normal
Resources
Standard
Victory
Conquest
Starting age
Dark Age
Ending age
Imperial Age
RankedLock teamsTeams togetherTeam positionsShared explorationLock speedFull tech treeHidden civsTurbo modeCheats
Victory
Defeat
🇺🇸 Mongols · United States
761
+14
🇧🇪 Franks · Belgium
715
-14
sypho @ occ
10:31 Feudal Age
11:48 Wheelbarrow
10:58 Double-Bit Axe
11:29 Stone Mining
14:12 Gold Mining
20:36 Castle Age
20:23 Fletching
20:43 Forging
20:34 Scale Mail Armor
21:33 Hand Cart
21:46 Bow Saw
21:38 Bodkin Arrow
27:28 Forging
27:19 Scale Mail Armor
36:53 #83
45:36 Imperial Age
43:24 Fortified Wall
43:59 Masonry
45:41 Iron Casting
45:21 Chain Mail Armor
45:37 Elite Throwing Axeman
47:22 Blast Furnace
47:10 Gold Shaft Mining
47:54 Plate Mail Armor
tbzachary
4:46 Loom
10:30 Feudal Age
11:51 Double-Bit Axe
16:01 Castle Age
14:33 Horse Collar
15:49 Padded Archer Armor
15:40 Fletching
18:36 Leather Archer Armor
18:16 Bodkin Arrow
18:29 Stone Mining
18:29 Gold Mining
19:42 Bodkin Arrow
25:43 Husbandry
25:53 Bloodlines
28:19 Bow Saw
28:11 Heavy Plow
34:37 Imperial Age
32:21 Scale Barding Armor
32:27 Forging
32:21 Husbandry
32:32 Bloodlines
32:44 Bloodlines
35:08 Husbandry
40:41 Chemistry
40:02 Ballistics
40:12 Bracer
40:49 Iron Casting
42:15 Drill
42:58 Onager
47:41 Siege Onager
47:51 Siege Onager
47:58 Elite Mangudai
48:46 Capped Ram
Connection lost

Rejoining the realm…

Still unreachable

The connection could not be restored.

Session expired

The server has moved on; the page needs a fresh start.